 Dungeon Sprint DCSS version 0.26-a0-649-gf8c6c3aab7 (webtiles) character file.

Game seed: 18438425206536186315

57 sahdkjhfkaj the Ducker (level 3, -3/27 HPs)
             Began as a Felid Berserker on Sept 27, 2020.
             Was an Elder of Trog.
             Slain by a fire bat (8 damage)
             ... in the Dungeon (Sprint VII: "The Pits").
             The game lasted 00:00:51 (579 turns).

sahdkjhfkaj the Ducker (Felid Berserker)             Turns: 579, Time: 00:00:51

Health: -3/27      AC:  1    Str: 14    XL:     3   Next: 73%
Magic:  4/4        EV: 21    Int:  8    God:    Trog [****..]
Gold:   0          SH:  0    Dex: 15    Spells: 2/2 levels left
                                        Lives:  0   Deaths: 0

rFire    . . .     SeeInvis +     - Unarmed
rCold    . . .     Faith    .   (shield unavailable)
rNeg     . . .     Spirit   .   (armour unavailable)
rPois    .         Reflect  .   (helmet unavailable)
rElec    .         Harm     .   (cloak unavailable)
rCorr    .         Rampage  .   (gloves unavailable)
MR       .....     NoTele   +   (boots unavailable)
Stlth    ..........             (no amulet)
HPRegen  0.09/turn              (no ring)
MPRegen  0.09/turn              (no ring)

@: berserking, very quick
A: very small, no armour, no weapons or thrown items, stealth, claws 1, fangs 3,
see invisible, speed 1, shaggy fur 1, sharp paws
a: Berserk, Trog's Hand, Brothers in Arms, Renounce Religion


You were in the Dungeon.
You worshipped Trog.
Trog was greatly pleased with you.
You visited 1 branch

Inventory:

Scrolls
 f - a scroll of blinking
 h - 3 scrolls of remove curse
 i - a scroll of summoning
Potions
 a - 5 potions of curing
 b - 6 potions of heal wounds
 c - a potion of haste
 d - 4 potions of magic
 e - 3 potions of berserk rage
 g - 2 potions of invisibility


   Skills:
 + Level 4.7 Fighting
 + Level 6.2 Dodging
 * Level 6.0 Unarmed Combat


You had 2 spell levels left.
You didn't know any spells.
Your spell library was empty.

Dungeon Overview and Level Annotations

Branches:
Dungeon (1/1)

Altars:
Ashenzari
Cheibriados
Dithmenos
Elyvilon
Fedhas
Gozag
Hepliaklqana
Kikubaaqudgha
Makhleb
Nemelex Xobeh
Okawaru
Qazlal
Ru
Sif Muna
Trog
Uskayaw
Vehumet
Wu Jian
Xom
Yredelemnul
Zin
The Shining One
Beogh
Jiyva
Lugonu

Annotations:
D Terence


Innate Abilities, Weirdness & Mutations

You cannot wear armour.
You are incapable of wielding weapons or throwing items.
Your paws allow you to move quietly. (Stealth)
You have sharp claws.
You have razor-sharp teeth.
You have supernaturally acute eyesight. (SInv)
You cover ground quickly.
You are covered in fur. (AC +1)
Your sharp claws are effective at attacking unaware monsters.


Message History

You kill the goblin!
Trog accepts your kill. The fire bat bites you.
You are engulfed in flames.
An ooze comes into view.
A red film seems to cover your vision as you go berserk!
You feel yourself moving faster!
You feel mighty! The fire bat closely misses you.
You feel a strong urge to attack something.
A crimson imp comes into view.
The crimson imp shouts!
The fire bat bites you.
You are engulfed in flames!
* * * LOW HITPOINT WARNING * * *
Things that are here:
a +0 club; a goblin corpse You claw the fire bat!
The fire bat is moderately wounded.
The fire bat bites you.
* * * LOW HITPOINT WARNING * * *
You are engulfed in flames!
You die...

#.#.....#))#####'#####
#.###'###))##.......#
#.#.†.†.#))##.......#
#.#.....#[[##.......#
#.####'##'###...<...#
#.#........##.......#
#.#........##.......#
#'###########.......#
#.@..@b.# #########
#.###J..# #.# ....#
#.#...#.# #.....#.#
#5..###.# #... + ####


You could see a fire bat, Terence (fast), a crimson imp and an ooze.

Vanquished Creatures
  An adder (D)
  2 gnolls (D)
  A river rat (D)
  2 oozes (D)
  A leopard gecko (D)
  A ball python (D)
  A goblin (D)
  3 jackals (D)
12 creatures vanquished.

Notes
Turn   | Place    | Note
-------+----------+-------------------------------------------
     0 | D        | sahdkjhfkaj the Felid Berserker began the quest for the
                  | Orb.
     0 | D        | Reached XP level 1. HP: 10/10 MP: 2/2
    20 | D        | Reached XP level 2. HP: 14/14 MP: 3/3
   253 | D        | Found a bloodstained altar of Trog.
   253 | D        | Found a shimmering blue altar of Sif Muna.
   253 | D        | Found a viscous altar of Jiyva.
   253 | D        | Found a hazy altar of Hepliaklqana.
   253 | D        | Found an opulent altar of Gozag.
   254 | D        | Found a glowing golden altar of the Shining One.
   254 | D        | Found a glowing silver altar of Zin.
   254 | D        | Found a basalt altar of Yredelemnul.
   254 | D        | Found a shimmering altar of Xom.
   254 | D        | Found an ornate altar of the Wu Jian Council.
   254 | D        | Found a sacrificial altar of Ru.
   254 | D        | Found a stormy altar of Qazlal.
   254 | D        | Found an iron altar of Okawaru.
   254 | D        | Found a sparkling altar of Nemelex Xobeh.
   254 | D        | Found a burning altar of Makhleb.
   254 | D        | Found a blossoming altar of Fedhas.
   254 | D        | Found a white marble altar of Elyvilon.
   254 | D        | Found a shadowy altar of Dithmenos.
   254 | D        | Found a snail-covered altar of Cheibriados.
   255 | D        | Found a radiant altar of Vehumet.
   255 | D        | Found a corrupted altar of Lugonu.
   255 | D        | Found a roughly hewn altar of Beogh.
   256 | D        | Found a hide-covered altar of Uskayaw.
   256 | D        | Found an ancient bone altar of Kikubaaqudgha.
   256 | D        | Found a broken altar of Ashenzari.
   289 | D        | Reached ** piety under Trog
   289 | D        | Reached skill level 5 in Dodging
   352 | D        | Reached skill level 5 in Unarmed Combat
   353 | D        | Reached *** piety under Trog
   396 | D        | Reached XP level 3. HP: 8/18 MP: 4/4
   400 | D        | Reached **** piety under Trog
   572 | D        | Noticed Terence
   575 | D        | Noticed a fire bat
   579 | D        | Slain by a fire bat

Illustrated notes

Levels and vault maps discovered:
D:        pitsprint [storerooms_1, entrance_room_1, metal_vault_7, armoury_1,
          mini_pit_1, grid_room_1, main_hall_1, silver_pit, the_coven_1,
          the_vestibule_1, steel_vault_3, golden_pit, hallway_of_sentries,
          crystal_vault_2, iron_vault_1, final_vault]

Skill      XL: |  1  2  3 |
---------------+----------+-----
Unarmed Combat | 4 5 6 |  6.0
Dodging        | 5 6 |  6.2
Fighting       | 4 |  4.7

Action                   || total
-------------------------++-------
Melee: Unarmed           ||    22
Invok: Berserk           ||     5
  Use: Potion            ||     1
Dodge: Dodged            ||    14

Table legend: (Time is in decaauts)
 A = Elapsed time spent in this place.
 B = Non-inter-level travel time spent in this place.
 C = Inter-level travel time spent in this place.
 D = Time resting spent in this place.
 E = Time spent auto-exploring this place.
 F = Levels seen in this place.
 G = Mean time per level.
                   A        B        C        D        E       F      G
               +--------+--------+--------+--------+--------+-----+--------+
         Total |    595 |    578 |     17 |    483 |      0 |   1 |  595.0 |
       Dungeon |    595 |    578 |     17 |    483 |      0 |   1 |  595.0 |
               +--------+--------+--------+--------+--------+-----+--------+

Top non-repeatable levels by time:
       D: 595 daAuts
